Gulls vs Barracuda (R1)

Created - February 27, 2025 at 20:01

Goals
1 2 3 T
Gulls 2 0 3 5
Barracuda 0 2 1 3
Shots
1 2 3 T
Gulls 5 20 12 37
Barracuda 2 4 14 20

1st period

1. Gulls , Kailer Yamamoto 19 (Anton Blidh 34, Morgan Frost 24) at 8:05 (PP)
2. Gulls , Sergey Tolchinsky 18 (Morgan Frost 25, Jakub Vrana 26) at 19:05

Penalties :
Jaedon Descheneau (S.J) for Roughing (Minor) at 7:51, Kailer Yamamoto (S.D) for High sticking (Double Minor) at 8:19

2nd period

3. Barracuda , Beck Malenstyn 1 (Emil Pettersson 49) at 3:29
4. Barracuda , Kyle Platzer 11 (Cole Ully 11, Jordan Gross 16) at 14:55

Penalties :
Emil Pettersson (S.J) for Holding (Minor) at 0:57, Sergey Tolchinsky (S.D) for High sticking (Minor) at 6:46, Jaedon Descheneau (S.J) for Tripping (Minor) at 9:39, Tarmo Reunanen (S.D) for Tripping (Minor) at 18:34

3rd period

5. Gulls , Tarmo Reunanen 4 (Andrei Mironov 13, Morgan Frost 26) at 7:50
6. Barracuda , Nikolai Kovalenko 3 (Cole Ully 12, Kyle Platzer 14) at 9:19
7. Gulls , Luke Kunin 14 (Troy Terry 9, Dean Kukan 20) at 17:13
8. Gulls , Scott Wilson 19 (Morgan Frost 27) at 19:37 (SH) (Empty Net)

Penalties :
Thomas Gobeil (S.J) for High sticking (Minor) at 0:18, Luke Martin (S.J) for Roughing (Minor) at 11:59, Anton Blidh (S.D) for Cross-checking (Minor) at 17:53

Goalie Stats

Eamon McAdam (S.D), 17 saves from 20 shots - (0.850), W, 3-5-1, 60:00 minutes
Joni Ortio (S.J), 32 saves from 36 shots - (0.889), L, 22-16-5, 59:08 minutes

Players Stats for Gulls

Player Name              G  A  P  +/- PIM S  H  SB GA TA FO     MP     PP MP  PK MP  
------------------------------------------------------------------------------------
Andrei Mironov           0  1  1   1  0   5  3  1  0  1  0/0    24:35   3:58   0:43 
Anton Blidh              0  1  1  -1  2   2  5  0  0  0  0/0    18:28   4:22   2:08 
Barrett Hayton           0  0  0   0  0   0  0  0  0  0  1/2     9:30   0:13   1:34 
Connor Clifton           0  0  0   1  0   2  1  1  0  0  0/0    17:53   4:13   3:50 
Dean Kukan               0  1  1   1  0   1  0  0  0  1  0/0    25:53   0:33   5:08 
Dylan DeMelo             0  0  0  -1  0   1  1  1  0  1  0/0    21:36   3:33   5:12 
Jack Glover              0  0  0   0  0   2  1  2  0  0  0/0    16:12   0:00   3:50 
Jakub Vrana              0  1  1   1  0   3  1  0  1  1  2/2    14:13   3:18   0:00 
Kailer Yamamoto          1  0  1  -1  4   1  2  0  0  0  0/0    16:35   4:32   0:00 
Logan Brown              0  0  0  -1  0   1  0  1  0  0  7/17   15:15   3:15   0:00 
Luke Kunin               1  0  1   0  0   3  2  0  0  0  7/16   17:17   0:00   5:49 
Mikhail Maltsev          0  0  0   0  0   1  2  0  0  0  0/0    12:34   0:12   0:38 
Morgan Frost             0  4  4   2  0   3  1  0  0  0  10/14  17:58   4:27   2:18 
Pavel Dorofeyev          0  0  0   0  0   0  0  0  0  0  0/0     7:20   0:00   0:00 
Scott Wilson             1  0  1   1  0   2  2  0  0  0  0/0    10:09   0:05   2:18 
Sergey Tolchinsky        1  0  1   1  2   3  4  2  0  0  2/2    19:16   3:16   4:37 
Tarmo Reunanen           1  0  1   0  2   1  0  0  1  1  0/0    13:55   3:38   0:39 
Troy Terry               0  1  1   0  0   6  2  0  0  0  0/0    11:21   0:00   0:00 

Players Stats for Barracuda

Player Name              G  A  P  +/- PIM S  H  SB GA TA FO     MP     PP MP  PK MP  
------------------------------------------------------------------------------------
Alex Lintuniemi          0  0  0  -3  0   0  2  0  1  0  0/0    20:54   3:49   3:23 
Alexei Toropchenko       0  0  0   0  0   0  2  0  0  0  0/0     7:05   0:34   0:00 
Angus Crookshank         0  0  0   0  0   0  0  0  0  0  0/0     0:00   0:00   0:00 
Beck Malenstyn           1  0  1   0  0   1  1  0  0  0  0/1     6:31   0:00   0:00 
Bode Wilde               0  0  0   2  0   0  0  1  0  0  0/0    12:41   0:33   0:00 
Cole Ully                0  2  2   2  0   1  1  0  1  0  0/0    14:29   0:41   1:48 
Dennis Cholowski         0  0  0   2  0   1  0  0  0  0  0/0    12:50   0:31   0:35 
Emil Pettersson          0  1  1  -1  2   4  2  2  1  0  16/31  22:55   5:28   3:01 
Jaedon Descheneau        0  0  0  -2  4   0  1  1  0  0  0/0    16:50   3:32   0:00 
Jordan Gross             0  1  1   0  0   1  2  0  0  0  0/0    26:54   5:21   4:32 
Kurtis Macdermid         0  0  0  -1  0   1  2  0  2  0  0/0    20:59   5:28   4:18 
Kyle Platzer             1  1  2   2  0   5  2  0  0  0  1/5    15:25   0:52   1:42 
Luke Martin              0  0  0  -3  2   1  0  0  0  0  0/0    20:15   3:45   2:48 
Mac Hollowell            0  0  0   0  0   0  3  1  0  1  0/0    26:56   5:23   4:32 
Nikolai Kovalenko        1  0  1   2  0   1  1  1  0  0  0/1    11:20   0:00   0:00 
Theodor Blueger          0  0  0  -2  0   2  5  1  0  0  7/13   20:36   3:32   3:12 
Thomas Gobeil            0  0  0  -1  2   1  0  0  0  1  0/2    16:49   5:23   0:00 
William Carrier          0  0  0  -2  0   1  0  1  0  0  0/0    18:16   3:32   1:49 

3 Stars

1 - Morgan Frost (S.D)
2 - Kyle Platzer (S.J)
3 - Scott Wilson (S.D)

Power Play

Gulls - 1 on 5 Attempt(s) - 20.00%
Barracuda - 0 on 5 Attempt(s) - 0.00%

Penalty Kill

Gulls - 5 on 5 Attempt(s) - 100.00% - Score 1 goal in Penalty Kill
Barracuda - 4 on 5 Attempt(s) - 80.00% - Score 0 goal in Penalty Kill

Team Stat

Gulls - Hits : 27 - Faceoff Wins : 29 - Blocked Shots : 8 - Penalty Minutes : 10
Barracuda - Hits : 24 - Faceoff Wins : 24 - Blocked Shots : 8 - Penalty Minutes : 10

Official

Referees : TJ Luxmore and Justin St. Pierre
Linesman : Bryan Pancich and David Brisebois

Game Notes

Scott Wilson has scored in a empty net!

Finance

Level 1 -- Attendance: 1900 (95.00%) -- Ticket Income $133,000
Level 2 -- Attendance: 998 (99.80%) -- Ticket Income $39,920
Total Attendance: 2898 (96.60%)
Total Ticket Income: $172,920
Other Income: $8,646
Total Income: $181,566

Gulls

5 vs 5 Forward 
   Center                   Left Wing                Right Wing               Time % Phy DF OF 
 1 Logan Brown              Anton Blidh              Kailer Yamamoto          35     0   2  3  
 2 Morgan Frost             Sergey Tolchinsky        Jakub Vrana              30     0   2  3  
 3 Luke Kunin               Mikhail Maltsev          Troy Terry               25     0   2  3  
 4 Barrett Hayton           Pavel Dorofeyev          Scott Wilson             10     1   2  2  

5 vs 5 Defense 
   Defense                  Defense                                           Time % Phy DF OF 
 1 Dean Kukan               Andrei Mironov                                    40     0   2  3  
 2 Dylan DeMelo             Jack Glover                                       30     0   2  3  
 3 Connor Clifton           Tarmo Reunanen                                    20     0   2  3  
 4 Dean Kukan               Andrei Mironov                                    10     0   2  3  

PowerPlay Forward 
   Center                   Left Wing                Right Wing               Time % Phy DF OF 
 1 Morgan Frost             Anton Blidh              Kailer Yamamoto          60     0   1  4  
 2 Logan Brown              Sergey Tolchinsky        Jakub Vrana              40     0   1  4  

PowerPlay Defense
   Defense                  Defense                                           Time % Phy DF OF 
 1 Connor Clifton           Andrei Mironov                                    60     1   2  2  
 2 Dylan DeMelo             Tarmo Reunanen                                    40     1   2  2  

Penalty Kill 4 Players Forward 
   Center                   Wing                     Time % Phy DF OF 
 1 Luke Kunin               Sergey Tolchinsky        60     1   2  2  
 2 Morgan Frost             Scott Wilson             40     1   2  2  

Penalty Kill 4 Players Defense
   Defense                  Defense                  Time % Phy DF OF 
 1 Dean Kukan               Dylan DeMelo             60     1   2  2  
 2 Jack Glover              Connor Clifton           40     1   2  2  

Penalty Kill - 3 Players Forward 
   Forward                                           Time % Phy DF OF 
 1 Barrett Hayton                                    60     1   2  2  
 2 Morgan Frost                                      40     1   2  2  

Penalty Kill - 3 Players Defense
   Defense                  Defense                  Time % Phy DF OF 
 1 Connor Clifton           Andrei Mironov           60     1   2  2  
 2 Tarmo Reunanen           Jack Glover              40     1   2  2  

4 vs 4 Forward 
   Center                   Wing                     Time % Phy DF OF 
 1 Logan Brown              Scott Wilson             60     1   2  2  
 2 Morgan Frost             Troy Terry               40     1   2  2  

4 vs 4 Defense
   Defense                  Defense                  Time % Phy DF OF 
 1 Connor Clifton           Tarmo Reunanen           60     1   2  2  
 2 Dylan DeMelo             Jack Glover              40     1   2  2  

Last Minutes Offensive
   Center                   Left Wing                Right Wing               Defense                  Defense                  
   Logan Brown              Anton Blidh              Jakub Vrana              Dean Kukan               Andrei Mironov           

Last Minutes Defensive
   Center                   Left Wing                Right Wing               Defense                  Defense                  
   Logan Brown              Anton Blidh              Jakub Vrana              Dean Kukan               Andrei Mironov           

Goaltenders
Starting : Eamon McAdam             
Backup : Louis Domingue           

Extra Forwards
Normal : Anton Blidh, Jakub Vrana, Kailer Yamamoto - PP : Jakub Vrana, Anton Blidh - PK : Sergey Tolchinsky
Extra Defensemen
Normal : Connor Clifton, Tarmo Reunanen, Dean Kukan - PP : Connor Clifton - PK : Tarmo Reunanen, Dean Kukan
Penalty Shots
Jakub Vrana, Logan Brown, Scott Wilson, Anton Blidh, Sergey Tolchinsky
Custom OT Lines Forwards
Jakub Vrana, Logan Brown, Kailer Yamamoto, Anton Blidh, Sergey Tolchinsky, Troy Terry, Morgan Frost, Luke Kunin, Scott Wilson, Pavel Dorofeyev
Custom OT Lines Defensemen
Dean Kukan, Andrei Mironov, Dylan DeMelo, Jack Glover, Connor Clifton

Scratches
Branden Troock (Healthy), Damien Giroux (Healthy), Jake Pivonka (Healthy), Francis Perron (Healthy), Henri Ikonen (Healthy)
Nick Merkley (Healthy), Ryan Collins (Healthy), Taylor Leier (Healthy), MacKenzie Entwistle (Healthy), Zack MacEwen (Healthy)
Niklas Nordgren (Healthy), Massimo Rizzo (Healthy), Markus Niemelainen (Healthy), Drew Helleson (Healthy), Alexis Gravel (Healthy)
Connor Ingram (Healthy), Mads Sogaard (Healthy)

Barracuda

5 vs 5 Forward 
   Center                   Left Wing                Right Wing               Time % Phy DF OF 
 1 Emil Pettersson          Kurtis Macdermid         Thomas Gobeil            40     1   2  2  
 2 Theodor Blueger          William Carrier          Jaedon Descheneau        30     1   2  2  
 3 Kyle Platzer             Cole Ully                Nikolai Kovalenko        20     1   2  2  
 4 Emil Pettersson          Beck Malenstyn           Alexei Toropchenko       10     1   2  2  

5 vs 5 Defense 
   Defense                  Defense                                           Time % Phy DF OF 
 1 Mac Hollowell            Jordan Gross                                      40     1   2  2  
 2 Luke Martin              Alex Lintuniemi                                   30     1   2  2  
 3 Dennis Cholowski         Bode Wilde                                        20     1   2  2  
 4 Mac Hollowell            Jordan Gross                                      10     1   2  2  

PowerPlay Forward 
   Center                   Left Wing                Right Wing               Time % Phy DF OF 
 1 Emil Pettersson          Kurtis Macdermid         Thomas Gobeil            60     1   2  2  
 2 Theodor Blueger          William Carrier          Jaedon Descheneau        40     1   2  2  

PowerPlay Defense
   Defense                  Defense                                           Time % Phy DF OF 
 1 Mac Hollowell            Jordan Gross                                      60     1   2  2  
 2 Luke Martin              Alex Lintuniemi                                   40     1   2  2  

Penalty Kill 4 Players Forward 
   Center                   Wing                     Time % Phy DF OF 
 1 Emil Pettersson          Kurtis Macdermid         60     1   2  2  
 2 Theodor Blueger          William Carrier          40     1   2  2  

Penalty Kill 4 Players Defense
   Defense                  Defense                  Time % Phy DF OF 
 1 Mac Hollowell            Jordan Gross             60     1   2  2  
 2 Luke Martin              Alex Lintuniemi          40     1   2  2  

Penalty Kill - 3 Players Forward 
   Forward                                           Time % Phy DF OF 
 1 Emil Pettersson                                   60     1   2  2  
 2 Theodor Blueger                                   40     1   2  2  

Penalty Kill - 3 Players Defense
   Defense                  Defense                  Time % Phy DF OF 
 1 Mac Hollowell            Jordan Gross             60     1   2  2  
 2 Luke Martin              Alex Lintuniemi          40     1   2  2  

4 vs 4 Forward 
   Center                   Wing                     Time % Phy DF OF 
 1 Emil Pettersson          Kurtis Macdermid         60     1   2  2  
 2 Theodor Blueger          William Carrier          40     1   2  2  

4 vs 4 Defense
   Defense                  Defense                  Time % Phy DF OF 
 1 Mac Hollowell            Jordan Gross             60     1   2  2  
 2 Luke Martin              Alex Lintuniemi          40     1   2  2  

Last Minutes Offensive
   Center                   Left Wing                Right Wing               Defense                  Defense                  
   Emil Pettersson          Kurtis Macdermid         Thomas Gobeil            Mac Hollowell            Jordan Gross             

Last Minutes Defensive
   Center                   Left Wing                Right Wing               Defense                  Defense                  
   Emil Pettersson          Kurtis Macdermid         Thomas Gobeil            Mac Hollowell            Jordan Gross             

Goaltenders
Starting : Joni Ortio               
Backup : Kevin Mandolese          

Extra Forwards
Normal : Theodor Blueger, Kyle Platzer, Thomas Gobeil - PP : Theodor Blueger, Kyle Platzer - PK : Theodor Blueger
Extra Defensemen
Normal : Alex Lintuniemi, Dennis Cholowski, Bode Wilde - PP : Alex Lintuniemi - PK : Alex Lintuniemi, Dennis Cholowski
Penalty Shots
Kurtis Macdermid, William Carrier, Emil Pettersson, Cole Ully, Theodor Blueger
Custom OT Lines Forwards
Kurtis Macdermid, William Carrier, Emil Pettersson, Cole Ully, Theodor Blueger, Kyle Platzer, Thomas Gobeil, Jaedon Descheneau, Nikolai Kovalenko, Alexei Toropchenko
Custom OT Lines Defensemen
Mac Hollowell, Jordan Gross, Luke Martin, Alex Lintuniemi, Dennis Cholowski

Scratches
Alex Henriksson (Healthy), Jacob Peterson (Healthy), Ryan Merkley (Healthy), Robin Norell (Bruised Right Leg Injury), Noah Gregor (Strained Right Knee Injury)
Adam Edstrom (Healthy), Adam Beckman (Healthy), Filip Larsson (Healthy)

% Time on Ice - Gulls

Lines # - Real PCT - Wanted PCT - Time Play
Normal Forward
1 - 29% - 35% - 12:22
2 - 26% - 30% - 11:06
3 - 27% - 25% - 11:21
4 - 17% - 10% - 7:20
Normal Defense
1 - 45% - 40% - 19:09
2 - 32% - 30% - 13:26
3 - 18% - 20% - 7:44
4 - 4% - 10% - 1:50
PP Forward
1 - 59% - 60% - 4:42
2 - 41% - 40% - 3:13
PP Defense
1 - 55% - 60% - 4:22
2 - 45% - 40% - 3:33
PK Forward
1 - 76% - 60% - 7:23
2 - 24% - 40% - 2:18
PK Defense
1 - 60% - 60% - 5:51
2 - 40% - 40% - 3:50
PK3 Forward
1 - 0% - 60%
2 - 0% - 40%
PK3 Defense
1 - 0% - 60%
2 - 0% - 40%
44 Forward
1 - 100% - 60% - 0:15
2 - 0% - 40% - 0:00
44 Defense
1 - 100% - 60% - 0:15
2 - 0% - 40% - 0:00
Last Minute Offensive  - 0:00
Last Minute Defensive  - 0:00
Total
Forward - 60:00
Defense - 60:00

% Time on Ice - Barracuda

Lines # - Real PCT - Wanted PCT - Time Play
Normal Forward
1 - 27% - 40% - 11:23
2 - 31% - 30% - 12:55
3 - 27% - 20% - 11:20
4 - 15% - 10% - 6:31
Normal Defense
1 - 38% - 40% - 16:04
2 - 33% - 30% - 13:43
3 - 28% - 20% - 11:40
4 - 2% - 10% - 0:42
PP Forward
1 - 58% - 60% - 5:35
2 - 42% - 40% - 4:06
PP Defense
1 - 61% - 60% - 5:56
2 - 39% - 40% - 3:45
PK Forward
1 - 78% - 60% - 6:11
2 - 22% - 40% - 1:44
PK Defense
1 - 57% - 60% - 4:32
2 - 43% - 40% - 3:23
PK3 Forward
1 - 0% - 60%
2 - 0% - 40%
PK3 Defense
1 - 0% - 60%
2 - 0% - 40%
44 Forward
1 - 100% - 60% - 0:15
2 - 0% - 40% - 0:00
44 Defense
1 - 100% - 60% - 0:15
2 - 0% - 40% - 0:00
Last Minute Offensive  - 0:00
Last Minute Defensive  - 0:00
Total
Forward - 60:00
Defense - 60:00

Play-by-Play

1st period


0:01 of 1st period - Emil Pettersson wins face-off versus Logan Brown in neutral zone.
0:12 of 1st period - Slapshot by Kurtis Macdermid.
0:12 of 1st period - Stopped by Eamon McAdam without a rebound.
0:13 of 1st period - Morgan Frost wins face-off versus Theodor Blueger in Gulls zone.
0:13 of 1st period - Morgan Frost is hit by Theodor Blueger.
0:29 of 1st period - Wrist shot by Sergey Tolchinsky.
0:29 of 1st period - Shot Blocked by Theodor Blueger.
1:10 of 1st period - Kurtis Macdermid is hit by Kailer Yamamoto and loses puck.
1:21 of 1st period - Snap shot by Sergey Tolchinsky.
1:21 of 1st period - Shot Misses the Net.
1:43 of 1st period - Emil Pettersson is hit by Scott Wilson and loses puck.
1:52 of 1st period - Snap shot by Barrett Hayton.
1:52 of 1st period - Shot Blocked by Emil Pettersson.
1:59 of 1st period - Icing by Mac Hollowell.
2:00 of 1st period - Emil Pettersson wins face-off versus Luke Kunin in Barracuda zone.
2:33 of 1st period - Wrist shot by William Carrier.
2:33 of 1st period - Shot Blocked by Jack Glover.
2:35 of 1st period - Slapshot by Dennis Cholowski.
2:35 of 1st period - Stopped by Eamon McAdam with a rebound.
3:06 of 1st period - Icing by Kyle Platzer.
3:07 of 1st period - Barrett Hayton wins face-off versus Kyle Platzer in Barracuda zone.
4:08 of 1st period - Snap shot by Cole Ully.
4:08 of 1st period - Shot Misses the Net.
4:48 of 1st period - Icing by Cole Ully.
4:49 of 1st period - Kyle Platzer wins face-off versus Logan Brown in Barracuda zone.
5:04 of 1st period - Wrist shot by Kailer Yamamoto.
5:04 of 1st period - Shot Misses the Net.
5:20 of 1st period - Wrist shot by Emil Pettersson.
5:20 of 1st period - Shot Misses the Net.
7:51 of 1st period - Minor Penalty to Jaedon Descheneau for Roughing.
7:52 of 1st period - Morgan Frost wins face-off versus Emil Pettersson in Barracuda zone.
7:57 of 1st period - Snap shot by Kailer Yamamoto.
7:57 of 1st period - Shot Blocked by Emil Pettersson.
7:59 of 1st period - Slapshot by Dean Kukan.
7:59 of 1st period - Stopped by Joni Ortio without a rebound.
8:00 of 1st period - Morgan Frost wins face-off versus Emil Pettersson in Barracuda zone.
8:05 of 1st period - Snap shot by Kailer Yamamoto.
8:05 of 1st period - Goal by Kailer Yamamoto - Gulls : 1 - Barracuda : 0.
8:06 of 1st period - Emil Pettersson wins face-off versus Logan Brown in neutral zone.
8:19 of 1st period - Double Minor Penalty to Kailer Yamamoto for High sticking.
8:20 of 1st period - Emil Pettersson wins face-off versus Luke Kunin in Gulls zone.
8:30 of 1st period - Wrist shot by Emil Pettersson.
8:30 of 1st period - Shot Misses the Net.
10:35 of 1st period - Scott Wilson is hit by Alexei Toropchenko and loses puck.
10:59 of 1st period - Icing by William Carrier.
11:00 of 1st period - Sergey Tolchinsky wins face-off versus Theodor Blueger in Barracuda zone.
12:19 of 1st period - Penalty to Kailer Yamamoto is over, Kailer Yamamoto is back on ice.
12:22 of 1st period - Scott Wilson is hit by Beck Malenstyn and loses puck.
13:28 of 1st period - Snap shot by Logan Brown.
13:28 of 1st period - Shot Misses the Net.
14:46 of 1st period - Alexei Toropchenko is hit by Sergey Tolchinsky and loses puck.
15:08 of 1st period - Thomas Gobeil is hit by Andrei Mironov and loses puck.
16:52 of 1st period - Alex Lintuniemi is hit by Kailer Yamamoto and loses puck.
17:52 of 1st period - Jaedon Descheneau is hit by Morgan Frost and loses puck.
18:15 of 1st period - Kurtis Macdermid is hit by Troy Terry.
18:33 of 1st period - Icing by Logan Brown.
18:34 of 1st period - Logan Brown wins face-off versus Nikolai Kovalenko in Gulls zone.
18:53 of 1st period - Snap shot by Sergey Tolchinsky.
18:53 of 1st period - Stopped by Joni Ortio with a rebound.
18:55 of 1st period - Wrist shot by Jakub Vrana.
18:55 of 1st period - Stopped by Joni Ortio without a rebound.
18:56 of 1st period - Morgan Frost wins face-off versus Theodor Blueger in Barracuda zone.
19:05 of 1st period - Wrist shot by Sergey Tolchinsky.
19:05 of 1st period - Goal by Sergey Tolchinsky - Gulls : 2 - Barracuda : 0.
19:06 of 1st period - Emil Pettersson wins face-off versus Logan Brown in neutral zone.
19:50 of 1st period - Luke Kunin is hit by Jordan Gross and loses puck.
Goals for this period are 2 for Gulls vs 0 for Barracuda.
Shots for this period are 5 for Gulls vs 2 for Barracuda.

2nd period


0:01 of 2nd period - Emil Pettersson wins face-off versus Logan Brown in neutral zone.
0:06 of 2nd period - Anton Blidh is hit by Mac Hollowell and loses puck.
0:25 of 2nd period - Jaedon Descheneau is hit by Sergey Tolchinsky and loses puck.
0:45 of 2nd period - Dean Kukan is hit by Alex Lintuniemi and loses puck.
0:54 of 2nd period - Wrist shot by Mikhail Maltsev.
0:54 of 2nd period - Deflect By Luke Kunin.
0:54 of 2nd period - Shot Misses the Net.
0:54 of 2nd period - Puck is out of play.
0:55 of 2nd period - Emil Pettersson wins face-off versus Logan Brown in Barracuda zone.
0:57 of 2nd period - Minor Penalty to Emil Pettersson for Holding.
0:58 of 2nd period - Morgan Frost wins face-off versus Theodor Blueger in Barracuda zone.
0:58 of 2nd period - Wrist shot by Anton Blidh.
0:58 of 2nd period - Stopped by Joni Ortio with a rebound.
1:00 of 2nd period - Slapshot by Andrei Mironov.
1:00 of 2nd period - Stopped by Joni Ortio with a rebound.
1:02 of 2nd period - Wrist shot by Connor Clifton.
1:02 of 2nd period - Shot Misses the Net.
1:04 of 2nd period - Slapshot by Andrei Mironov.
1:04 of 2nd period - Deflect By Theodor Blueger.
1:04 of 2nd period - Stopped by Joni Ortio without a rebound.
1:05 of 2nd period - Theodor Blueger wins face-off versus Morgan Frost in Barracuda zone.
1:14 of 2nd period - Jordan Gross is hit by Anton Blidh and loses puck.
1:31 of 2nd period - Snap shot by Theodor Blueger.
1:31 of 2nd period - Stopped by Eamon McAdam without a rebound.
1:32 of 2nd period - Jakub Vrana wins face-off versus Kyle Platzer in Gulls zone.
2:13 of 2nd period - Sergey Tolchinsky is hit by Kyle Platzer and loses puck.
2:30 of 2nd period - Mac Hollowell is hit by Anton Blidh and loses puck.
2:57 of 2nd period - Penalty to Emil Pettersson is over, Emil Pettersson is back on ice.
3:13 of 2nd period - Slapshot by Scott Wilson.
3:13 of 2nd period - Stopped by Joni Ortio without a rebound.
3:14 of 2nd period - Luke Kunin wins face-off versus Beck Malenstyn in Barracuda zone.
3:19 of 2nd period - Snap shot by Troy Terry.
3:19 of 2nd period - Stopped by Joni Ortio with a rebound.
3:21 of 2nd period - Slapshot by Jack Glover.
3:21 of 2nd period - Stopped by Joni Ortio with a rebound.
3:29 of 2nd period - Snap shot by Beck Malenstyn.
3:29 of 2nd period - Goal by Beck Malenstyn - Gulls : 2 - Barracuda : 1.
3:30 of 2nd period - Logan Brown wins face-off versus Emil Pettersson in neutral zone.
4:14 of 2nd period - Off-side.
4:15 of 2nd period - Theodor Blueger wins face-off versus Morgan Frost in neutral zone.
4:26 of 2nd period - Slapshot by Dylan DeMelo.
4:26 of 2nd period - Stopped by Joni Ortio with a rebound.
4:28 of 2nd period - Snap shot by Jakub Vrana.
4:28 of 2nd period - Stopped by Joni Ortio without a rebound.
4:29 of 2nd period - Emil Pettersson wins face-off versus Luke Kunin in Barracuda zone.
4:29 of 2nd period - Emil Pettersson is hit by Jack Glover.
4:59 of 2nd period - Snap shot by Theodor Blueger.
4:59 of 2nd period - Shot Hit the Post.
5:02 of 2nd period - Icing by Jakub Vrana.
5:03 of 2nd period - Morgan Frost wins face-off versus Emil Pettersson in Gulls zone.
5:20 of 2nd period - Slapshot by Morgan Frost.
5:20 of 2nd period - Shot Misses the Net.
5:22 of 2nd period - Snap shot by Jack Glover.
5:22 of 2nd period - Stopped by Joni Ortio with a rebound.
5:24 of 2nd period - Slapshot by Jakub Vrana.
5:24 of 2nd period - Stopped by Joni Ortio with a rebound.
5:26 of 2nd period - Snap shot by Morgan Frost.
5:26 of 2nd period - Stopped by Joni Ortio without a rebound.
5:27 of 2nd period - Theodor Blueger wins face-off versus Logan Brown in Barracuda zone.
5:27 of 2nd period - Theodor Blueger is hit by Andrei Mironov.
5:58 of 2nd period - Andrei Mironov is hit by Jordan Gross and loses puck.
6:04 of 2nd period - Emil Pettersson is hit by Luke Kunin and loses puck.
6:15 of 2nd period - Wrist shot by Jakub Vrana.
6:15 of 2nd period - Deflect By Morgan Frost.
6:15 of 2nd period - Deflect By Luke Martin.
6:15 of 2nd period - Stopped by Joni Ortio without a rebound.
6:16 of 2nd period - Sergey Tolchinsky wins face-off versus Kyle Platzer in Barracuda zone.
6:46 of 2nd period - Minor Penalty to Sergey Tolchinsky for High sticking.
6:47 of 2nd period - Emil Pettersson wins face-off versus Luke Kunin in Gulls zone.
7:03 of 2nd period - Slapshot by Kurtis Macdermid.
7:03 of 2nd period - Shot Misses the Net.
7:34 of 2nd period - Icing by Jordan Gross.
7:35 of 2nd period - Theodor Blueger wins face-off versus Barrett Hayton in Barracuda zone.
8:12 of 2nd period - Alex Lintuniemi is hit by Mikhail Maltsev and loses puck.
8:33 of 2nd period - Connor Clifton is hit by Emil Pettersson and loses puck.
8:46 of 2nd period - Penalty to Sergey Tolchinsky is over, Sergey Tolchinsky is back on ice.
8:56 of 2nd period - Dean Kukan is hit by Cole Ully and loses puck.
9:03 of 2nd period - Cole Ully is hit by Sergey Tolchinsky.
9:30 of 2nd period - Anton Blidh is hit by Theodor Blueger and loses puck.
9:39 of 2nd period - Minor Penalty to Jaedon Descheneau for Tripping.
9:40 of 2nd period - Jakub Vrana wins face-off versus Emil Pettersson in Barracuda zone.
10:04 of 2nd period - Connor Clifton is hit by Theodor Blueger and loses puck.
11:39 of 2nd period - Penalty to Jaedon Descheneau is over, Jaedon Descheneau is back on ice.
11:46 of 2nd period - Snap shot by Troy Terry.
11:46 of 2nd period - Shot Misses the Net.
11:48 of 2nd period - Slapshot by Jack Glover.
11:48 of 2nd period - Deflect By Troy Terry.
11:48 of 2nd period - Stopped by Joni Ortio without a rebound.
11:49 of 2nd period - Theodor Blueger wins face-off versus Luke Kunin in Barracuda zone.
12:16 of 2nd period - Wrist shot by Luke Kunin.
12:16 of 2nd period - Shot Hit the Post.
12:18 of 2nd period - Snap shot by Troy Terry.
12:18 of 2nd period - Shot Misses the Net.
12:20 of 2nd period - Wrist shot by Connor Clifton.
12:20 of 2nd period - Deflect By Theodor Blueger.
12:20 of 2nd period - Stopped by Joni Ortio with a rebound.
12:22 of 2nd period - Wrist shot by Troy Terry.
12:22 of 2nd period - Shot Blocked by Bode Wilde.
12:28 of 2nd period - Snap shot by Troy Terry.
12:28 of 2nd period - Stopped by Joni Ortio with a rebound.
12:30 of 2nd period - Slapshot by Connor Clifton.
12:30 of 2nd period - Stopped by Joni Ortio with a rebound.
12:32 of 2nd period - Slapshot by Jack Glover.
12:32 of 2nd period - Shot Blocked by Jaedon Descheneau.
12:34 of 2nd period - Snap shot by Luke Kunin.
12:34 of 2nd period - Stopped by Joni Ortio with a rebound.
12:36 of 2nd period - Wrist shot by Troy Terry.
12:36 of 2nd period - Shot Misses the Net.
12:38 of 2nd period - Wrist shot by Dylan DeMelo.
12:38 of 2nd period - Shot Misses the Net.
12:40 of 2nd period - Wrist shot by Luke Kunin.
12:40 of 2nd period - Stopped by Joni Ortio without a rebound.
12:41 of 2nd period - Emil Pettersson wins face-off versus Logan Brown in Barracuda zone.
12:41 of 2nd period - Emil Pettersson is hit by Anton Blidh.
12:53 of 2nd period - Snap shot by Logan Brown.
12:53 of 2nd period - Shot Misses the Net.
14:23 of 2nd period - Wrist shot by Mikhail Maltsev.
14:23 of 2nd period - Shot Misses the Net.
14:25 of 2nd period - Wrist shot by Troy Terry.
14:25 of 2nd period - Stopped by Joni Ortio without a rebound.
14:26 of 2nd period - Luke Kunin wins face-off versus Theodor Blueger in Barracuda zone.
14:51 of 2nd period - Jordan Gross is hit by Anton Blidh.
14:55 of 2nd period - Backhand shot by Kyle Platzer.
14:55 of 2nd period - Goal by Kyle Platzer - Gulls : 2 - Barracuda : 2.
14:56 of 2nd period - Emil Pettersson wins face-off versus Logan Brown in neutral zone.
16:38 of 2nd period - Snap shot by Cole Ully.
16:38 of 2nd period - Stopped by Eamon McAdam with a rebound.
16:40 of 2nd period - Slapshot by Cole Ully.
16:40 of 2nd period - Shot Blocked by Jack Glover.
16:42 of 2nd period - Slapshot by Kyle Platzer.
16:42 of 2nd period - Shot Blocked by Logan Brown.
16:52 of 2nd period - Slapshot by Sergey Tolchinsky.
16:52 of 2nd period - Stopped by Joni Ortio without a rebound.
16:53 of 2nd period - Emil Pettersson wins face-off versus Morgan Frost in Barracuda zone.
17:40 of 2nd period - Wrist shot by Troy Terry.
17:40 of 2nd period - Shot Misses the Net.
17:54 of 2nd period - Barrett Hayton is hit by Kurtis Macdermid and loses puck.
18:19 of 2nd period - Dean Kukan is hit by Nikolai Kovalenko and loses puck.
18:34 of 2nd period - Minor Penalty to Tarmo Reunanen for Tripping.
18:35 of 2nd period - Emil Pettersson wins face-off versus Luke Kunin in Gulls zone.
18:36 of 2nd period - Snap shot by Kurtis Macdermid.
18:36 of 2nd period - Shot Blocked by Sergey Tolchinsky.
18:38 of 2nd period - Snap shot by Mac Hollowell.
18:38 of 2nd period - Shot Misses the Net.
18:40 of 2nd period - Snap shot by Kurtis Macdermid.
18:40 of 2nd period - Shot Misses the Net.
18:42 of 2nd period - Wrist shot by Thomas Gobeil.
18:42 of 2nd period - Shot Blocked by Connor Clifton.
18:44 of 2nd period - Slapshot by Mac Hollowell.
18:44 of 2nd period - Shot Misses the Net.
19:10 of 2nd period - Connor Clifton is hit by Jaedon Descheneau and loses puck.
Goals for this period are 0 for Gulls vs 2 for Barracuda.
Shots for this period are 20 for Gulls vs 4 for Barracuda.

3rd period


0:01 of 3rd period - Emil Pettersson wins face-off versus Luke Kunin in neutral zone.
0:18 of 3rd period - Minor Penalty to Thomas Gobeil for High sticking.
0:19 of 3rd period - Logan Brown wins face-off versus Emil Pettersson in Barracuda zone.
0:26 of 3rd period - Slapshot by Logan Brown.
0:26 of 3rd period - Stopped by Joni Ortio with a rebound.
0:34 of 3rd period - Penalty to Tarmo Reunanen is over, Tarmo Reunanen is back on ice.
0:34 of 3rd period - Slapshot by Jordan Gross.
0:34 of 3rd period - Shot Misses the Net.
0:46 of 3rd period - Snap shot by Anton Blidh.
0:46 of 3rd period - Shot Blocked by William Carrier.
1:04 of 3rd period - Jordan Gross is hit by Sergey Tolchinsky and loses puck.
1:31 of 3rd period - Emil Pettersson is hit by Dylan DeMelo and loses puck.
2:18 of 3rd period - Penalty to Thomas Gobeil is over, Thomas Gobeil is back on ice.
2:36 of 3rd period - Luke Kunin is hit by Theodor Blueger and loses puck.
2:59 of 3rd period - Wrist shot by Dylan DeMelo.
2:59 of 3rd period - Shot Misses the Net.
3:15 of 3rd period - Jakub Vrana is hit by Theodor Blueger and loses puck.
3:30 of 3rd period - Andrei Mironov is hit by Mac Hollowell and loses puck.
3:47 of 3rd period - Slapshot by Scott Wilson.
3:47 of 3rd period - Shot Misses the Net.
3:59 of 3rd period - Kailer Yamamoto is hit by Alex Lintuniemi and loses puck.
5:39 of 3rd period - Beck Malenstyn is hit by Anton Blidh and loses puck.
6:26 of 3rd period - Dennis Cholowski is hit by Andrei Mironov and loses puck.
6:47 of 3rd period - Off-side.
6:48 of 3rd period - Luke Kunin wins face-off versus Emil Pettersson in neutral zone.
6:51 of 3rd period - Emil Pettersson is hit by Troy Terry.
7:48 of 3rd period - Snap shot by Andrei Mironov.
7:48 of 3rd period - Stopped by Joni Ortio with a rebound.
7:50 of 3rd period - Slapshot by Tarmo Reunanen.
7:50 of 3rd period - Deflect By Emil Pettersson.
7:50 of 3rd period - Goal by Tarmo Reunanen - Gulls : 3 - Barracuda : 2.
7:51 of 3rd period - Logan Brown wins face-off versus Emil Pettersson in neutral zone.
8:34 of 3rd period - Nikolai Kovalenko is hit by Jakub Vrana and loses puck.
8:50 of 3rd period - Nikolai Kovalenko is hit by Scott Wilson and loses puck.
9:01 of 3rd period - Slapshot by Kyle Platzer.
9:01 of 3rd period - Stopped by Eamon McAdam with a rebound.
9:03 of 3rd period - Wrist shot by Kyle Platzer.
9:03 of 3rd period - Shot Misses the Net.
9:07 of 3rd period - Wrist shot by Cole Ully.
9:07 of 3rd period - Shot Misses the Net.
9:09 of 3rd period - Snap shot by Jordan Gross.
9:09 of 3rd period - Stopped by Eamon McAdam with a rebound.
9:19 of 3rd period - Snap shot by Cole Ully.
9:19 of 3rd period - Deflect By Nikolai Kovalenko.
9:19 of 3rd period - Goal by Nikolai Kovalenko - Gulls : 3 - Barracuda : 3.
9:20 of 3rd period - Emil Pettersson wins face-off versus Logan Brown in neutral zone.
10:12 of 3rd period - Snap shot by Beck Malenstyn.
10:12 of 3rd period - Shot Hit the Post.
10:47 of 3rd period - Slapshot by Andrei Mironov.
10:47 of 3rd period - Stopped by Joni Ortio with a rebound.
11:21 of 3rd period - Snap shot by Sergey Tolchinsky.
11:21 of 3rd period - Shot Misses the Net.
11:23 of 3rd period - Slapshot by Andrei Mironov.
11:23 of 3rd period - Stopped by Joni Ortio with a rebound.
11:59 of 3rd period - Minor Penalty to Luke Martin for Roughing.
12:00 of 3rd period - Morgan Frost wins face-off versus Emil Pettersson in Barracuda zone.
12:05 of 3rd period - Snap shot by Anton Blidh.
12:05 of 3rd period - Stopped by Joni Ortio without a rebound.
12:06 of 3rd period - Morgan Frost wins face-off versus Emil Pettersson in Barracuda zone.
12:15 of 3rd period - Wrist shot by Emil Pettersson.
12:15 of 3rd period - Stopped by Eamon McAdam without a rebound.
12:16 of 3rd period - Morgan Frost wins face-off versus Emil Pettersson in Gulls zone.
12:27 of 3rd period - Snap shot by Anton Blidh.
12:27 of 3rd period - Shot Misses the Net.
12:45 of 3rd period - Snap shot by William Carrier.
12:45 of 3rd period - Stopped by Eamon McAdam without a rebound.
12:46 of 3rd period - Theodor Blueger wins face-off versus Morgan Frost in Gulls zone.
13:34 of 3rd period - Dylan DeMelo is hit by Kurtis Macdermid and loses puck.
13:59 of 3rd period - Penalty to Luke Martin is over, Luke Martin is back on ice.
14:08 of 3rd period - Alex Lintuniemi is hit by Connor Clifton and loses puck.
14:30 of 3rd period - Pavel Dorofeyev is hit by Alexei Toropchenko and loses puck.
14:41 of 3rd period - Snap shot by Kurtis Macdermid.
14:41 of 3rd period - Shot Misses the Net.
14:43 of 3rd period - Slapshot by Kyle Platzer.
14:43 of 3rd period - Stopped by Eamon McAdam with a rebound.
14:53 of 3rd period - Snap shot by Thomas Gobeil.
14:53 of 3rd period - Stopped by Eamon McAdam without a rebound.
14:54 of 3rd period - Logan Brown wins face-off versus Thomas Gobeil in Gulls zone.
15:18 of 3rd period - Mikhail Maltsev is hit by Emil Pettersson.
15:35 of 3rd period - Snap shot by Troy Terry.
15:35 of 3rd period - Stopped by Joni Ortio without a rebound.
15:36 of 3rd period - Morgan Frost wins face-off versus Kyle Platzer in Barracuda zone.
15:39 of 3rd period - Wrist shot by Jakub Vrana.
15:39 of 3rd period - Shot Misses the Net.
15:41 of 3rd period - Wrist shot by Sergey Tolchinsky.
15:41 of 3rd period - Shot Blocked by Nikolai Kovalenko.
15:43 of 3rd period - Slapshot by Morgan Frost.
15:43 of 3rd period - Stopped by Joni Ortio with a rebound.
16:01 of 3rd period - Jaedon Descheneau is hit by Luke Kunin and loses puck.
16:18 of 3rd period - Alex Lintuniemi is hit by Mikhail Maltsev and loses puck.
17:05 of 3rd period - Wrist shot by Troy Terry.
17:05 of 3rd period - Stopped by Joni Ortio with a rebound.
17:07 of 3rd period - Snap shot by Mikhail Maltsev.
17:07 of 3rd period - Stopped by Joni Ortio with a rebound.
17:13 of 3rd period - Snap shot by Luke Kunin.
17:13 of 3rd period - Goal by Luke Kunin - Gulls : 4 - Barracuda : 3.
17:14 of 3rd period - Logan Brown wins face-off versus Emil Pettersson in neutral zone.
17:29 of 3rd period - Slapshot by Anton Blidh.
17:29 of 3rd period - Shot Misses the Net.
17:39 of 3rd period - Sergey Tolchinsky is hit by Kyle Platzer and loses puck.
17:44 of 3rd period - Slapshot by Kyle Platzer.
17:44 of 3rd period - Stopped by Eamon McAdam with a rebound.
17:46 of 3rd period - Snap shot by Cole Ully.
17:46 of 3rd period - Shot Misses the Net.
17:48 of 3rd period - Slapshot by Bode Wilde.
17:48 of 3rd period - Shot Blocked by Andrei Mironov.
17:50 of 3rd period - Slapshot by Dennis Cholowski.
17:50 of 3rd period - Deflect By Kyle Platzer.
17:50 of 3rd period - Stopped by Eamon McAdam without a rebound.
17:51 of 3rd period - Logan Brown wins face-off versus Emil Pettersson in Gulls zone.
17:53 of 3rd period - Minor Penalty to Anton Blidh for Cross-checking.
17:54 of 3rd period - Luke Kunin wins face-off versus Emil Pettersson in Gulls zone.
17:54 of 3rd period - Luke Kunin is hit by Mac Hollowell.
18:03 of 3rd period - Wrist shot by Emil Pettersson.
18:03 of 3rd period - Stopped by Eamon McAdam without a rebound.
18:04 of 3rd period - Luke Kunin wins face-off versus Emil Pettersson in Gulls zone.
18:29 of 3rd period - Wrist shot by Emil Pettersson.
18:29 of 3rd period - Stopped by Eamon McAdam with a rebound.
18:31 of 3rd period - Slapshot by Jordan Gross.
18:31 of 3rd period - Shot Blocked by Sergey Tolchinsky.
18:35 of 3rd period - Snap shot by Emil Pettersson.
18:35 of 3rd period - Shot Blocked by Dylan DeMelo.
18:37 of 3rd period - Snap shot by Emil Pettersson.
18:37 of 3rd period - Stopped by Eamon McAdam without a rebound.
18:38 of 3rd period - Theodor Blueger wins face-off versus Luke Kunin in Gulls zone.
18:45 of 3rd period - Barracuda, Joni Ortio is pulled from the net.
18:47 of 3rd period - Snap shot by Theodor Blueger.
18:47 of 3rd period - Shot Misses the Net.
18:49 of 3rd period - Slapshot by Luke Martin.
18:49 of 3rd period - Stopped by Eamon McAdam without a rebound.
18:50 of 3rd period - Dale Hunter call a timeout for Barracuda.
18:50 of 3rd period - Emil Pettersson wins face-off versus Luke Kunin in Gulls zone.
19:23 of 3rd period - Snap shot by Theodor Blueger.
19:23 of 3rd period - Stopped by Eamon McAdam without a rebound.
19:24 of 3rd period - Luke Kunin wins face-off versus Theodor Blueger in Gulls zone.
19:35 of 3rd period - Snap shot by Morgan Frost.
19:35 of 3rd period - Shot Misses the Net.
19:37 of 3rd period - Snap shot by Scott Wilson.
19:37 of 3rd period - Goal by Scott Wilson - Gulls : 5 - Barracuda : 3.
19:37 of 3rd period - Joni Ortio from Barracuda was sent back in the game.
19:38 of 3rd period - Luke Kunin wins face-off versus Thomas Gobeil in neutral zone.
19:43 of 3rd period - Snap shot by Dylan DeMelo.
19:43 of 3rd period - Shot Misses the Net.
19:45 of 3rd period - Slapshot by Dean Kukan.
19:45 of 3rd period - Shot Blocked by Mac Hollowell.
19:53 of 3rd period - Penalty to Anton Blidh is over, Anton Blidh is back on ice.
Goals for this period are 3 for Gulls vs 1 for Barracuda.
Shots for this period are 12 for Gulls vs 14 for Barracuda.